 Dungeon Crawl Stone Soup version 0.29.0-7-g18a832c13a (webtiles) character file.

Game seed: 16625686816595462540

43949 SensoryNuts the Fencer (level 13, -5/103 HPs)
             Began as a Demonspawn Fighter on Aug 31, 2022.
             Was a Follower of Jiyva.
             Slain by an orc warrior
             ... wielding a +0 trident
              (13 damage)
             ... on level 2 of the Orcish Mines.
             The game lasted 00:28:47 (22476 turns).

SensoryNuts the Fencer (Demonspawn Fighter)        Turns: 22476, Time: 00:28:48

Health: -5/103     AC: 29    Str: 15    XL:     13   Next: 93%
Magic:  0/13       EV: 10    Int: 10    God:    Jiyva [*.....]
Gold:   1299       SH:  0    Dex: 21    Spells: 12/12 levels left

rFire   + . .      SeeInvis +   J - +5 scimitar (freeze)
rCold   + . .      Faith    .   c - +1 buckler
rNeg    . . .      Spirit   +   H - +5 plate armour
rPois   +          Reflect  .   (helmet unavailable)
rElec   .          Harm     .   B - +1 cloak of Starlight {*Dazzle EV+4 Stlth--}
rCorr   .          Rampage  .   v - +0 pair of gloves
Will    .....                   F - +0 pair of boots
Stlth   ..........              d - amulet of guardian spirit
HPRegen 1.07/turn               u - ring of protection from cold
MPRegen 0.38/turn               E - ring of protection from fire

@: confused, ambrosia-drunk
A: antennae 3, slimy green scales 3, demonic guardian 2, spiny 2, agile 1
a: Renounce Religion


You were on level 2 of the Orcish Mines.
You worshipped Jiyva.
Jiyva was aware of your devotion.
You visited 4 branches of the dungeon, and saw 18 of its levels.

You collected 1299 gold pieces.

Inventory:

Hand Weapons
 w - a +1 short sword of flaming
 J - a +5 scimitar of freezing (weapon)
Missiles
 M - 3 throwing nets
Armour
 c - a +1 buckler (worn)
 v - a +0 pair of gloves (worn)
 B - the +1 cloak of Starlight (worn) {*Dazzle EV+4 Stlth--}
   (You found it on level 5 of the Lair of Beasts)

   It may blind those who miss an attack against the wearer in melee combat.
   EV:        It affects your evasion (+4).
   Stlth:     It makes you much less stealthy.
 F - a +0 pair of boots (worn)
 H - a +5 plate armour (worn)
Jewellery
 d - an amulet of guardian spirit (around neck)
 j - an amulet of the acrobat
 n - a ring of positive energy
 u - a ring of protection from cold (left hand)
 D - a ring of positive energy
 E - a ring of protection from fire (right hand)
Wands
 a - a wand of mindburst (4) (quivered)
 p - a wand of iceblast (13)
 C - a wand of charming (11)
Scrolls
 g - a scroll of noise
 i - a scroll of butterflies
 l - 3 scrolls of silence
 m - a scroll of magic mapping
 o - 8 scrolls of teleportation
 r - 2 scrolls of amnesia
 G - 5 scrolls of identify
Potions
 b - 2 potions of degeneration
 e - a potion of ambrosia
 f - 3 potions of magic
 h - 3 potions of mutation
 k - 2 potions of lignification
 s - 6 potions of curing
 t - 2 potions of attraction
 x - 2 potions of invisibility


   Skills:
 + Level 10.0 Fighting
 * Level 15.4 Long Blades
 + Level 10.9 Armour
 + Level 3.7 Dodging
 + Level 4.8 Stealth
 + Level 7.3 Shields
 + Level 2.3 Evocations


You had 12 spell levels left.
You didn't know any spells.
Your spell library contained the following spells:

 Spells                   Type           Power      Damage    Failure   Level
 Apportation              Tloc           0%         N/A       100%        1
 Beastly Appendage        Tmut           0%         N/A       100%        1
 Foxfire                  Conj/Fire      0%         2x1d4     100%        1
 Magic Dart               Conj           0%         1d3       100%        1
 Necrotise                Necr           0%         1d4       100%        1
 Summon Small Mammal      Summ           0%         N/A       100%        1
 Call Imp                 Summ           0%         N/A       100%        2
 Ensorcelled Hibernation  Hex/Ice        0%         N/A       100%        2
 Passwall                 Tmut/Erth      0%         N/A       100%        2
 Wereblood                Tmut           0%         N/A       100%        2
 Call Canine Familiar     Summ           0%         N/A       100%        3
 Conjure Flame            Conj/Fire      0%         6-21      100%        3
 Gell's Gravitas          Tloc           0%         N/A       100%        3
 Ignite Poison            Fire/Tmut/Pois 0%         N/A       100%        3
 Inner Flame              Hex/Fire       0%         N/A       100%        3
 Mephitic Cloud           Conj/Pois/Air  0%         N/A       100%        3
 Portal Projectile        Hex/Tloc       0%         N/A       100%        3
 Spider Form              Tmut/Pois      0%         N/A       100%        3
 Swiftness                Air            0%         N/A       100%        3
 Teleport Other           Tloc           0%         N/A       100%        3
 Tukima's Dance           Hex            0%         N/A       100%        3
 Flame Wave               Conj/Fire      0%         2d4       100%        4
 Fulminant Prism          Conj/Hex       0%         3d6       100%        4
 Iskenderun's Mystic Bla  Conj/Tloc      0%         2d3       100%        4
 Leda's Liquefaction      Hex/Erth       0%         N/A       100%        4
 Sticky Flame             Conj/Fire      0%         2d3       100%        4
 Alistair's Intoxication  Tmut/Pois      0%         N/A       100%        5
 Blade Hands              Tmut           0%         N/A       100%        5
 Freezing Cloud           Conj/Ice/Air   0%         6-21      100%        5
 Iskenderun's Battlesphe  Conj           0%         2d6       100%        5
 Lee's Rapid Deconstruct  Erth           0%         3d5*      100%        5
 Dispersal                Tloc           0%         N/A       100%        6
 Iron Shot                Conj/Erth      0%         9d1       100%        6
 Spellforged Servitor     Conj/Summ      0%         N/A       100%        7
 Chain Lightning          Conj/Air       0%         N/A       100%        9
 Fire Storm               Conj/Fire      0%         5d1       100%        9
 Shatter                  Erth           0%         3d5*      100%        9


Dungeon Overview and Level Annotations

Branches:
Dungeon (10/15)            Temple (1/1) D:6            Lair (5/5) D:9
  Swamp (0/4) Lair:2       Spider (0/4) Lair:2        Slime (0/5) Lair:5
    Orc (2/2) D:9
    Elf: Orc:2

Altars:
Ashenzari
Cheibriados
Dithmenos
Fedhas
Gozag
Hepliaklqana
Kikubaaqudgha
Makhleb
Nemelex Xobeh
Okawaru
Qazlal
Ru
Sif Muna
Trog
Uskayaw
Vehumet
Wu Jian
Xom
Yredelemnul
Jiyva

Shops:
D:3 *   Orc:2 (=

Annotations:
D:3 1 runed translucent door, Chaicat's ghost, amateur HOBe
Lair:4 1 runed translucent door, runemage's ghost, journeyman GnFi


Innate Abilities, Weirdness & Mutations

You have a pair of large antennae on your head. (SInv)
You are completely covered in slimy green scales. (AC +4, rPois)
A demonic guardian rushes to your aid.
You are mostly covered in sharp spines.
You are agile. (Dex +4, Str/Int -1)


Message History

The orc warrior hits you but does no damage.
You completely miss the orc warrior.
The orc warrior is heavily wounded.
The orc warrior hits you from afar with a +0 glaive.
The orc warrior hits you from afar with a +0 trident!
The orc warrior hits you but does no damage. x2
You barely miss the orc warrior.
The orc warrior is heavily wounded.
The orc warrior hits you but does no damage. x3
The orc warrior hits you from afar with a +0 halberd!
You barely miss the orc warrior.
The orc warrior is heavily wounded.
You hit the orc warrior. You freeze the orc warrior.
The orc warrior is severely wounded.
You block the orc warrior's attack.
The orc warrior hits you from afar with a +0 trident.
The orc warrior hits you but does no damage.
You slash the orc warrior! You freeze the orc warrior.
You kill the orc warrior!
You block the orc warrior's attack.
The orc warrior hits you from afar with a +0 trident!
You swing at nothing.
The orc warrior barely misses you.
The orc warrior hits you from afar with a +0 glaive!
You hit the orc knight but do no damage.
You closely miss the orc knight.
The orc knight hits you with a +0 great sword!
* * * LOW HITPOINT WARNING * * *
A demonic guardian appears!
You block the orc warrior's attack.
The orc warrior hits you from afar with a +0 glaive!!
* * * LOW HITPOINT WARNING * * *
You block the orc warrior's attack.
Okay, then.
You are confused.
You feel invigorated.
The orc warrior hits you from afar with a +0 glaive.
* * * LOW HITPOINT WARNING * * *
The orc warrior hits you from afar with a +0 halberd!
* * * LOW HITPOINT WARNING * * *
The orc warrior hits you from afar with a +0 trident!
You die...

#.#######... #. #.#
#.#....∩#... . #.
#.###.#.....#... .. #.
... ..#.....#... ##'###.
#.# #.#.....#... .......
#.# #.###'###... ⌠...⌠..
#.# #...))).....
......o###4###..##)###...
......oo@JJ.....#....#...
##.###o#######..#....#...
#. #..#...∩#... #.
#..######... .. ....
....... .. ............
### #######...... .......
#......


You could see an orc knight, 3 orc warriors, 2 neutral jellies (fellow slime)
and a friendly hellwing (summoned).

Vanquished Creatures
  Nessos (Lair:5)
  A dire elephant (Lair:5)
  An ettin (Orc:1)
  A catoblepas (Lair:5)
  Erica (D:10)
  3 death yaks (Lair:5)
  A deep troll shaman (Lair:5)
  Nergalle (D:10)
  Urug (Lair:3)
  An orb spider (Lair:2)
  3 orc knights (Orc:2)
  An orc sorcerer (Orc:1)
  11 elephants
  2 black mambas
  A torpor snail (Lair:1)
  8 cane toads
  2 rime drakes
  Maggie (D:10)
  4 komodo dragons
  An unseen horror (D:10)
  4 trolls
  6 polar bears
  Prince Ribbit (D:7)
  9 blink frogs
  10 dream sheep
  A shadow (D:10)
  2 wyverns
  2 wraiths (D:9)
  36 yaks
  4 basilisks
  3 vampire mosquitoes (Lair:2)
  3 steam dragons
  9 wargs (Orc:2)
  9 water moccasins
  18 orc warriors
  3 black bears
  4 ice beasts
  3 sky beasts
  11 wolves
  2 ogres
  3 centaurs
  2 phantoms
  3 kobold brigands
  3 necrophages
  14 bullfrogs
  A gnoll sergeant (D:7)
  9 wights
  4 killer bees (D:9)
  5 electric eels
  A howler monkey (D:4)
  6 hounds
  3 jellies
  5 orc priests
  Natasha (D:4)
  13 orc wizards
  11 hell rats
  2 centaur simulacra (D:10)
  12 gnolls
  5 adders
  5 white imps
  3 ufetubi
  A worm (D:5)
  4 dart slugs
  52 orcs
  8 endoplasms
  4 giant cockroaches
  7 hobgoblins
  2 jackals (D:5)
  21 kobolds
  5 ball pythons
  3 bats (D:1)
  2 frilled lizards
  19 goblins
  6 rats
431 creatures vanquished.

Vanquished Creatures (collateral kills)
  2 hydras
  Harold (Lair:2)
  A boulder beetle (Lair:5)
  A komodo dragon (Lair:5)
  A wyvern (D:8)
  5 yaks
  A water moccasin (Lair:4)
  2 ice beasts (D:10)
  An ogre (D:5)
  An orc priest (D:6)
16 creatures vanquished.

Vanquished Creatures (others)
  A dream sheep (Lair:5)
  16 jellies
  An orc priest (Orc:2)
  5 orcs
  14 fungi
  30 plants
67 creatures vanquished.

Grand Total: 514 creatures vanquished

Notes
Turn   | Place    | Note
-------+----------+-------------------------------------------
     0 | D:1      | SensoryNuts the Demonspawn Fighter began the quest for the
                  | Orb.
     0 | D:1      | Reached XP level 1. HP: 18/18 MP: 1/1
   151 | D:1      | Gained mutation: You are partially covered in slimy green
                  | scales. (AC +2) [demonic ancestry]
   151 | D:1      | Reached XP level 2. HP: 15/24 MP: 2/2
   414 | D:1      | Reached skill level 2 in Long Blades
  1165 | D:2      | Gained mutation: You are partially covered in sharp spines.
                  | [demonic ancestry]
  1165 | D:2      | Reached XP level 3. HP: 29/29 MP: 3/3
  1211 | D:2      | Found a faded altar of an unknown god.
  1383 | D:2      | Reached skill level 3 in Long Blades
  1649 | D:2      | Gained mutation: You have a pair of small antennae on your
                  | head. [potion of mutation]
  1649 | D:2      | Gained mutation: You are agile. (Dex +4, Str/Int -1)
                  | [potion of mutation]
  1676 | D:3      | Gained mutation: A weak demonic guardian rushes to your
                  | aid. [demonic ancestry]
  1676 | D:3      | Reached XP level 4. HP: 35/35 MP: 4/4
  1705 | D:3      | Noticed an ogre
  1712 | D:3      | Killed an ogre
  1713 | D:3      | Gained mutation: A demonic guardian rushes to your aid.
                  | [demonic ancestry]
  1713 | D:3      | Reached XP level 5. HP: 30/41 MP: 5/5
  1716 | D:3      | Reached skill level 4 in Long Blades
  1842 | D:3      | Found a hazy altar of Hepliaklqana.
  1949 | D:3      | Found Hiw Qamu's General Store.
  2109 | D:3      | Found a runed translucent door.
  2112 | D:3      | Noticed Chaicat's ghost (amateur HOBe)
  2465 | D:3      | Found a shimmering altar of Xom.
  2830 | D:3      | Found a shimmering blue altar of Sif Muna.
  3068 | D:4      | Reached XP level 6. HP: 43/47 MP: 6/6
  3137 | D:4      | Reached skill level 1 in Stealth
  3207 | D:4      | Reached skill level 5 in Long Blades
  3207 | D:4      | Reached skill level 1 in Dodging
  3458 | D:4      | Found a sacrificial altar of Ru.
  3833 | D:4      | Noticed Natasha
  3838 | D:4      | Killed Natasha
  3839 | D:4      | Mutation became permanent: You have a pair of small
                  | antennae on your head. [demonic ancestry]
  3839 | D:4      | Gained mutation: You have a pair of small antennae on your
                  | head. [demonic ancestry]
  3839 | D:4      | Reached XP level 7. HP: 48/52 MP: 7/7
  3934 | D:4      | Found a sparkling altar of Nemelex Xobeh.
  4227 | D:5      | Entered Level 5 of the Dungeon
  4471 | D:5      | Reached skill level 6 in Long Blades
  5135 | D:5      | Gained mutation: You have a pair of antennae on your head.
                  | [demonic ancestry]
  5135 | D:5      | Reached XP level 8. HP: 53/60 MP: 8/8
  5173 | D:5      | Identified the +2 robe "Teiwur" {rCorr}
  5632 | D:6      | Reached skill level 7 in Long Blades
  5847 | D:6      | Reached skill level 5 in Armour
  5945 | D:6      | Found a staircase to the Ecumenical Temple.
  6021 | Temple   | Entered the Ecumenical Temple
  6944 | D:7      | Noticed Prince Ribbit
  6961 | D:7      | Reached skill level 8 in Long Blades
  6971 | D:7      | Killed Prince Ribbit
  7022 | D:7      | Reached XP level 9. HP: 46/66 MP: 9/9
  7210 | D:7      | Identified the +3 battleaxe "Sixued" {vorpal, rN+ Str-2
                  | Dex+2}
  7683 | D:7      | Noticed a +0 dagger
  7683 | D:7      | Noticed a +0 dagger
  7684 | D:7      | Found a hide-covered altar of Uskayaw.
  7774 | D:7      | Reached skill level 9 in Long Blades
  8076 | D:7      | Reached skill level 5 in Fighting
  8722 | D:8      | Gained mutation: You are mostly covered in slimy green
                  | scales. (AC +3) [demonic ancestry]
  8722 | D:8      | Reached XP level 10. HP: 39/74 MP: 6/10
  8728 | D:8      | Reached skill level 10 in Long Blades
  8909 | D:8      | Found a blossoming altar of Fedhas.
  9185 | D:8      | Found an iron altar of Okawaru.
  9609 | D:9      | Found a staircase to the Orcish Mines.
 10141 | D:9      | Reached skill level 11 in Long Blades
 10363 | D:9      | Identified the +3 dagger of Callousness {flame, rN+ Str+3}
 10688 | D:9      | Found a staircase to the Lair.
 10907 | D:10     | Entered Level 10 of the Dungeon
 11050 | D:10     | Reached skill level 5 in Shields
 11067 | D:10     | Noticed Maggie
 11080 | D:10     | Killed Maggie
 11254 | D:10     | Gained mutation: You are mostly covered in sharp spines.
                  | [demonic ancestry]
 11254 | D:10     | Reached XP level 11. HP: 77/81 MP: 9/11
 11593 | D:10     | Reached skill level 12 in Long Blades
 12514 | D:10     | Noticed Nergalle
 12523 | D:10     | Killed Nergalle
 12705 | D:10     | Noticed Erica
 12713 | D:10     | Reached skill level 1 in Evocations
 12719 | D:10     | Killed Erica
 13425 | Lair:1   | Entered Level 1 of the Lair of Beasts
 14213 | Lair:1   | Reached skill level 13 in Long Blades
 15122 | Lair:2   | Noticed Harold
 15491 | Lair:1   | Gained mutation: You have a pair of large antennae on your
                  | head. (SInv) [demonic ancestry]
 15491 | Lair:1   | Reached XP level 12. HP: 54/86 MP: 6/12
 15675 | Lair:2   | Killed Harold
 15983 | Lair:2   | Found a staircase to the Swamp.
 16147 | Lair:2   | Found a hole to the Spider Nest.
 17099 | Lair:3   | Noticed Urug
 17109 | Lair:3   | Killed Urug
 17396 | Lair:3   | Reached skill level 14 in Long Blades
 18185 | Lair:4   | Found a shimmering blue altar of Sif Muna.
 18323 | Lair:4   | Noticed a six-headed hydra
 18333 | Lair:4   | Killed a six-headed hydra
 18500 | Lair:4   | Reached skill level 10 in Armour
 18762 | Lair:4   | Found a runed translucent door.
 18763 | Lair:4   | Noticed runemage's ghost (journeyman GnFi)
 18796 | Lair:4   | Gained mutation: You are completely covered in slimy green
                  | scales. (AC +4, rPois) [demonic ancestry]
 18796 | Lair:4   | Reached XP level 13. HP: 77/99 MP: 9/13
 19463 | Lair:5   | Entered Level 5 of the Lair of Beasts
 19463 | Lair:5   | Found the +1 cloak of Starlight {*Dazzle EV+4 Stlth--}
 19664 | Lair:5   | Found a viscous altar of Jiyva.
 19665 | Lair:5   | Found a staircase to the Slime Pits.
 19666 | Lair:5   | Found a basalt altar of Yredelemnul.
 19703 | Lair:5   | Noticed Nessos
 19712 | Lair:5   | Killed Nessos
 19724 | Lair:5   | Became a worshipper of Jiyva Jaet the Shapeless
 20265 | Lair:5   | Reached skill level 15 in Long Blades
 20715 | Lair:5   | Noticed a dire elephant
 20736 | Lair:5   | Killed a dire elephant
 21691 | Orc:1    | Entered Level 1 of the Orcish Mines
 21801 | Orc:1    | Noticed an ettin
 21820 | Orc:1    | Killed an ettin
 21999 | Orc:2    | Entered Level 2 of the Orcish Mines
 21999 | Orc:2    | Reached * piety under Jiyva
 22243 | Orc:2    | Found Atadyute's Weapon Shop.
 22335 | Orc:2    | Found Jenubbio's Jewellery Shoppe.
 22412 | Orc:2    | Reached skill level 10 in Fighting
 22476 | Orc:2    | Slain by an orc warrior

Illustrated notes

Levels and vault maps discovered:
D:1:      lightli_molten_gateway, layout_loops_ring
D:2:      layout_rooms, chequers_ecumenical_altar_simple
D:3:      layout_loops_ring, mainiacjoe_overflow_alcove_2, led_sif_pool,
          nicolae_overflow_crystal_walls, serial_shops,
          nicolae_shop_behind_doors, ebering_ghost_reflecting_pool,
          minmay_quadrilaterals
D:4:      layout_loops_ring, nicolae_ru_the_path_less_chosen,
          mainiacjoe_overflow_surrounded_room, uniq_natasha
D:5:      layout_cave_pods, serial_column_ruins, column_ruins_grid_2,
          column_ruins_grid_1, column_ruins_open_medium,
          column_ruins_columns_corner
D:6:      layout_basic, temple_pool_b, nicolae_underground_beach
D:7:      layout_basic, kennysheep_little_box, dancing_weapons_uskayaw,
          nrook_pool_corridor, uniq_prince_ribbit1
D:8:      cheibrodos_steamvent, layout_cave_pools, okawaru_altar_gauntlet_db,
          mainiacjoe_overflow_catwalk
D:9:      layout_loops_ring, lair_entry_dummy, orc_0_dummy
D:10:     layout_loops_ring, enter_bailey_3, serial_ice, serial_ice_m,
          serial_ice_c, serial_ice_g, serial_ice_d, serial_ice_a, serial_ice_j,
          serial_ice_b, serial_ice_e, serial_ice_n, serial_ice_o, uniq_erica,
          uniq_maggie, uniq_nergalle
Temple:   nicolae_temple_figure_eight
Lair:1:   layout_small_grid
Lair:2:   layout_cave_shapes, minmay_swamp_entry_swarm,
          nicolae_spider_entry_orb_guardian, uniq_harold
Lair:3:   layout_layer_cave, uniq_urug
Lair:4:   layout_cave_pods, gammafunk_ghost_grave, basic_altar,
          serial_bayou_lagoon_a, guppyfry_lair_drakes
Lair:5:   grunt_lair_end_beastmaster, layout_hall_layers, slime_entry_1,
          basic_altar, uniq_nessos
Orc:1:    layout_caves, serial_shops, nicolae_shop_statue_plus
Orc:2:    st_orc_town, layout_caves

Skill      XL: |  1  2  3  4  5  6  7  8  9 10 11 12 13 |
---------------+----------------------------------------+-----
Armour         | 3 4 5 6 7 8 10 | 10.9
Long Blades    | 2 3 4 5 6 8 9 11 13 14 15 | 15.4
Shields        | 3 4 5 6 7 |  7.3
Stealth        | 1 2 3 4 |  4.8
Dodging        | 1 2 3 |  3.7
Fighting       | 4 5 6 7 8 10 | 10.0
Evocations     | 1 2 |  2.3

Action                   |  1- 3 |  4- 6 |  7- 9 | 10-12 | 13-15 || total
-------------------------+-------+-------+-------+-------+-------++-------
Melee: Long sword        |    97 |    92 |   236 |   305 |       ||   730
       Scimitar          |       |       |       |   324 |   322 ||   646
Evoke: Wand              |       |       |       |    20 |     1 ||    21
  Use: Scroll            |     6 |     6 |     5 |    15 |     3 ||    35
       Potion            |     1 |     1 |     4 |     4 |     7 ||    17
 Stab: Sleeping          |       |       |       |     2 |       ||     2
       Distracted        |       |       |       |     1 |       ||     1
       Invisible         |       |       |       |       |    16 ||    16
Armor: Scale mail        |    52 |    36 |    82 |    26 |       ||   196
       Plate armour      |       |       |       |   253 |   157 ||   410
       Troll leather arm |       |       |       |    11 |       ||    11
Dodge: Dodged            |    45 |    27 |   101 |   184 |    97 ||   454
Block: Buckler           |    13 |    11 |    88 |   210 |    95 ||   417
